 Dungeon Crawl Stone Soup version 0.26-a0-708-g17f3b190f9 (webtiles) character file.

Game seed: 9233358765859447504

38 robertstho the Skirmisher (level 3, 0/45 HPs)
             Began as a Demonspawn Abyssal Knight on Oct 28, 2020.
             Was a Follower of Lugonu.
             Slain by a gnoll
             ... wielding a +0 whip
              (5 damage)
             ... on level 2 of the Dungeon.
             The game lasted 00:01:59 (852 turns).

robertstho the Skirmisher (DsAK)                     Turns: 852, Time: 00:01:59

Health: 0/45       AC:  8    Str: 13    XL:     3   Next: 25%
Magic:  5/5        EV:  6    Int: 13    God:    Lugonu [*.....]
Gold:   44         SH:  0    Dex: 12    Spells: 2/2 levels left

rFire    + . .     SeeInvis .   a - +1 falchion
rCold    . . .     Faith    .   (no shield)
rNeg     . . .     Spirit   .   f - +0 chain mail
rPois    .         Reflect  .   (helmet restricted)
rElec    .         Harm     .   (no cloak)
rCorr    .         Rampage  .   (no gloves)
MR       .....                  (no boots)
Stlth    ..........             (no amulet)
HPRegen  0.15/turn              e - ring of protection from fire
MPRegen  0.09/turn              (no ring)

@: berserking, very quick
A: antennae 1, claws 1, wild magic 1
a: Depart the Abyss, Renounce Religion


You were on level 2 of the Dungeon.
You worshipped Lugonu.
Lugonu was aware of your devotion.
You visited 1 branch of the dungeon, and saw 2 of its levels.
You visited the Abyss 1 time.

You collected 44 gold pieces.

Inventory:

Hand Weapons
 a - a +1 falchion (weapon)
Armour
 f - a +0 chain mail (worn)
Jewellery
 e - a ring of protection from fire (left claw)
Scrolls
 g - a scroll of remove curse {unknown}
Potions
 d - a potion of might {unknown}


   Skills:
 * Level 3.7 Fighting
 + Level 2.3 Long Blades
 + Level 2.0 Armour
 + Level 0.8 Dodging
 * Level 2.8 Invocations


You had 2 spell levels left.
You didn't know any spells.
Your spell library was empty.

Dungeon Overview and Level Annotations

Branches:
Dungeon (2/15)

Altars:


Innate Abilities, Weirdness & Mutations

You have sharp fingernails.
You have a pair of small antennae on your head.
Your spells are a little harder to cast, but a little more powerful.


Message History

You are too injured to fight recklessly!
You are too injured to fight recklessly!
It was a potion of mutation.
You feel extremely strange. A pair of antennae grows on your head!
You feel less in control of your magic. The gnoll hits you but does no damage.
It was a potion of berserk rage.
A red film seems to cover your vision as you go berserk!
You feel yourself moving faster!
You feel mighty!
The gnoll hits you from afar with a +0 spear.
The gnoll hits you but does no damage.
You barely miss the gnoll.
The gnoll hits you from afar with a +0 spear.
* * * LOW HITPOINT WARNING * * *
The gnoll hits you with a +0 whip.
* * * LOW HITPOINT WARNING * * *
Your chain mail prevents you from hitting the gnoll.
The gnoll hits you from afar with a +0 spear.
* * * LOW HITPOINT WARNING * * *
The gnoll hits you with a +0 whip.
You die...

###...## #......##
#.......# #.....†.##
#........###
##....<#...##
#.......##..###
#..†....###...#########
........# ###...@gggrg#
##.....##
#########..... ##...##
... ##### #


You could see 4 gnolls and a rat.

Vanquished Creatures
  2 oozes (D:1)
  2 dart slugs
  7 bats (D:1)
  4 goblins (D:1)
  3 hobgoblins
  2 kobolds (D:1)
  2 frilled lizards (D:1)
  2 rats
24 creatures vanquished.

Notes
Turn   | Place    | Note
-------+----------+-------------------------------------------
     0 | Abyss:1  | robertstho the Demonspawn Abyssal Knight began the quest
                  | for the Orb.
     0 | Abyss:1  | Reached XP level 1. HP: 18/18 MP: 2/2
    20 | Abyss:1  | Found a corrupted altar of Lugonu.
    45 | Abyss:1  | Noticed a great orb of eyes
    46 | D:1      | Escaped the Abyss
   207 | D:1      | Gained mutation: You have sharp fingernails. [demonic
                  | ancestry]
   207 | D:1      | Reached XP level 2. HP: 23/24 MP: 3/3
   350 | D:1      | Reached * piety under Lugonu
   408 | D:1      | Reached XP level 3. HP: 30/30 MP: 3/5
   849 | D:2      | Gained mutation: You have a pair of small antennae on your
                  | head. [potion of mutation]
   849 | D:2      | Gained mutation: Your spells are a little harder to cast,
                  | but a little more powerful. [potion of mutation]
   852 | D:2      | Slain by a gnoll

Illustrated notes

Levels and vault maps discovered:
D:1:      dpeg_arrival_arbitrary_a, layout_basic
D:2:      layout_rooms, nicolae_overflow_crystal_walls,
          chequers_ecumenical_altar_lobes

Skill      XL: |  1  2 |
---------------+-------+-----
Long Blades    | 2 |  2.3
Armour         | 2 |  2.0
Fighting       | |  3.7
Dodging        | |  0.8
Invocations    | |  2.8

Action                   || total
-------------------------++-------
Melee: Falchion          ||    86
Invok: Depart the Abyss  ||     1
  Use: Potion            ||     2
Armor: Ring mail         ||    10
       Chain mail        ||    55
Dodge: Dodged            ||    45
       Rpst.: Falchion   ||    14

Table legend: (Time is in decaauts)
 A = Elapsed time spent in this place.
 B = Non-inter-level travel time spent in this place.
 C = Inter-level travel time spent in this place.
 D = Time resting spent in this place.
 E = Time spent auto-exploring this place.
 F = Levels seen in this place.
 G = Mean time per level.
                   A        B        C        D        E       F      G
               +--------+--------+--------+--------+--------+-----+--------+
         Total |    867 |    853 |     14 |      0 |    625 |   3 |  289.0 |
       Dungeon |    821 |    807 |     14 |      0 |    599 |   2 |  410.5 |
         Abyss |     46 |     46 |      0 |      0 |     26 |   1 |   46.0 |
               +--------+--------+--------+--------+--------+-----+--------+

Top non-repeatable levels by time:
     D:1: 775 daAuts
 Abyss:1: 46 daAuts
     D:2: 45 daAuts
